 Dungeon Crawl Stone Soup version 0.25-a0-294-gea9b1ad378 (webtiles) character file.

Game seed: 17742479004103874788, levelgen mode: deterministic

32 Redear the Skirmisher (level 3, 0/29 HPs)
             Began as a Mummy Monk on Dec 18, 2019.
             Slain by a quokka (4 damage)
             ... on level 2 of the Dungeon.
             The game lasted 00:00:59 (1197 turns).

Redear the Skirmisher (Mummy Monk)                  Turns: 1197, Time: 00:01:00

Health: 0/29       AC:  0    Str: 14    XL:     3   Next: 10%
Magic:  3/3        EV: 13    Int:  9    God:
Gold:   69         SH:  0    Dex: 15    Spells: 2/2 levels left

rFire    x . .     SeeInvis .     - Unarmed
rCold    + . .     Gourm    .   (no shield)
rNeg     + + +     Faith    .   (no armour)
rPois    ∞         Spirit   .   (no helmet)
rElec    .         Reflect  .   (no cloak)
rCorr    .         Harm     .   (no gloves)
MR       .....     Rnd*Tele +   (no boots)
Stlth    ++........             (no amulet)
HPRegen  0.09/turn              b - ring of teleportation (curse) {+/*tele}
MPRegen  0.08/turn              (no ring)

@: no status effects
A: no food or potions, fire vulnerability, cold resistance 1, negative energy
resistance 3, torment resistance, unbreathing
a: no special abilities


You were on level 2 of the Dungeon.
You were not hungry.

You visited 1 branch of the dungeon, and saw 2 of its levels.

You collected 69 gold pieces.

Inventory:

Armour
 a - a +0 robe
Jewellery
 b - a cursed ring of teleportation (left hand) {+/*tele}
Scrolls
 c - a scroll of fog {unknown}
 d - a scroll of blinking {unknown}
 e - a scroll of identify {unknown}


   Skills:
 + Level 3.4 Fighting
 + Level 2.8 Dodging
 - Level 1.5 Stealth
 + Level 2.8 Unarmed Combat


You had 2 spell levels left.
You didn't know any spells.
Your spell library was empty.

Dungeon Overview and Level Annotations

Branches:
Dungeon (2/15)

Altars:


Innate Abilities, Weirdness & Mutations

You do not eat or drink.
Your flesh is vulnerable to fire.
You are immune to poison.
Your flesh is cold resistant. (rC+)
You are immune to negative energy. (rN+++)
You are immune to unholy pain and torment.
You can survive without breathing.


Message History

There are monsters nearby!
Unknown command.
Unknown command.
Unknown command.
The quokka barely misses you. The quokka bites you.
* * * LOW HITPOINT WARNING * * *
You take 2 damage, and have 7/29 hp.
You closely miss the quokka.
The quokka is heavily wounded.
The quokka bites you.
* * * LOW HITPOINT WARNING * * *
You take 4 damage, and have 4/29 hp.
You barely miss the quokka.
The quokka is heavily wounded.
The quokka barely misses you.
You hit the quokka.
The quokka is severely wounded.
The quokka bites you.
You die...

#.. ##. #+# # . #.# #
#.# # ####.#### ...
#.......#### ###
#..........# #
#.#######..#.......#
#
#...@rghl.###.#.##.##
# ########.##
##.......
##.###.#.##.##
#..#....##.#
###l..####.#
##.......# #.#######
#hg)...# #l##.#.#


You could see a quokka, a jackal, a goblin and a frilled lizard.

Vanquished Creatures
  2 dart slugs (D:1)
  4 giant cockroaches
  2 hobgoblins
  3 bats
  4 frilled lizards (D:1)
  4 goblins
  4 kobolds
  6 rats
29 creatures vanquished.

Notes
Turn   | Place    | Note
-------+----------+-------------------------------------------
     0 | D:1      | Redear the Mummy Monk began the quest for the Orb.
     0 | D:1      | Reached XP level 1. HP: 18/18 MP: 1/1
   223 | D:1      | Reached XP level 2. HP: 16/24 MP: 2/2
  1053 | D:2      | Reached XP level 3. HP: 16/29 MP: 3/3
  1197 | D:2      | Slain by a quokka

Levels and vault maps discovered:
D:1:      psy_arrival_terrarium, layout_basic, hex_medium,
          chequers_serial_rivers_room_a
D:2:      layout_loops_corners, minmay_misc_feat_five,
          wander_ebering_terrifying_dragon_lair

Action                   || total
-------------------------++-------
Melee: Unarmed           ||   107
       Punch             ||     3
 Stab: Sleeping          ||     4
Dodge: Dodged            ||    58

Table legend:
 A = Non-vault XP
 B = Vault XP
 C = Vault XP percentage of total XP
 D = Non-vault monster count
 E = Vault monster count
 F = Vault count percentage of total count
                 A         B        C        D         E       F
            +---------+---------+-------+---------+---------+-------
      Total |      47 |       0 |   0.0 |      29 |       0 |   0.0
            +---------+---------+-------+---------+---------+-------
        D:1 |      29 |       0 |   0.0 |      17 |       0 |   0.0
        D:2 |      18 |       0 |   0.0 |      12 |       0 |   0.0
            +---------+---------+-------+---------+---------+-------
